 Dungeon Crawl Stone Soup version 0.21-a0-450-gd87a9b2 (webtiles) character file.

3098 Dysjunc the Basher (level 9, -9/68 HPs)
             Began as a Demonspawn Artificer on Nov 19, 2017.
             Was a Believer of Makhleb.
             Mangled by Joseph
             ... wielding a +0 quarterstaff of crushing
              (13 damage)
             ... on level 8 of the Dungeon.
             The game lasted 00:28:34 (9152 turns).

Dysjunc the Basher (Demonspawn Artificer)           Turns: 9152, Time: 00:28:35

Health: -9/68      AC:  8    Str: 13    XL:     9   Next: 59%
Magic:  11/11      EV: 12    Int: 25    God:    Makhleb [**....]
Gold:   375        SH:  4    Dex: 13    Spells: 6/8 levels left

rFire    . . .     SeeInvis .   r - +0 flail (crush)
rCold    . . .     Gourm    .   (no shield)
rNeg     . . .     Faith    .   b - +1 leather armour
rPois    .         Spirit   .   (helmet restricted)
rElec    +         Reflect  .   (no cloak)
rCorr    +         Harm     .   h - +0 pair of gloves
MR       .....                  K - +2 pair of boots "Vistum" {rElec MR- Regen+ Int+7}
Stlth    +.........             l - amulet of magic regeneration
HPRegen  0.61/turn              y - ring of resist corrosion
MPRegen  0.37/turn              D - ring of resist corrosion

@: no status effects
A: antennae 2, hooves 1, large bone plates 1, clever 1, demonic guardian 1,
sense surroundings 1, powered by death 1
a: Minor Destruction, Renounce Religion


You were on level 8 of the Dungeon.
You worshipped Makhleb.
Makhleb was pleased with you.
You were hungry.

You visited 2 branches of the dungeon, and saw 9 of its levels.

You collected 375 gold pieces.

Inventory:

Hand Weapons
 a - a +0 whip
 r - a +0 flail of crushing (weapon)
 s - a +0 club
 t - a +0 fustibalus
 u - a +0 flail
 H - a +0 morningstar
Missiles
 i - 181 stones (quivered)
 m - 7 tomahawks
 o - 2 silver tomahawks
Armour
 b - a +1 leather armour (worn)
 h - a +0 pair of gloves (worn)
 n - a +0 chain mail
 p - a +0 scale mail
 I - a +0 pair of boots
 K - the +2 pair of boots "Vistum" (worn) {rElec MR- Regen+ Int+7}
   (You found it on level 7 of the Dungeon)

   It affects your intelligence (+7).
   It insulates you from electricity.
   It affects your resistance to hostile enchantments.
   It increases your rate of regeneration.
Jewellery
 l - an amulet of magic regeneration (around neck)
 y - a ring of resist corrosion (left hand)
 D - a ring of resist corrosion (right hand)
Wands
 c - a wand of flame (14/48)
 d - a wand of enslavement (0/24)
 e - a wand of random effects (0/48)
 F - a wand of enslavement (12/24)
 L - a wand of enslavement (19/24)
 N - a wand of random effects (28/48)
Scrolls
 g - 3 scrolls of remove curse
 k - 4 scrolls of teleportation
 q - a scroll of fear
 x - a scroll of identify
 E - a scroll of amnesia
 J - a scroll of silence
Potions
 w - 2 potions of flight
 A - a potion of haste
 C - a potion of curing
 G - a potion of brilliance
 O - a potion of agility
Books
 v - a book of Cantrips

   Spells                             Type                      Level
   a - Confusing Touch                Hexes                        1
   b - Animate Skeleton               Necromancy                   1
   c - Summon Small Mammal            Summoning                    1
   d - Apportation                    Translocation                1
Comestibles
 f - 5 bread rations
 j - 7 fruits
 z - 2 meat rations


   Skills:
 - Level 5.0 Fighting
   Level 0.8 Short Blades
 * Level 11.1 Maces & Flails
 - Level 1.0 Armour
 - Level 2.2 Dodging
 - Level 0.8 Stealth
 - Level 3.0 Evocations


You had 6 spell levels left.
You knew the following spells:

 Your Spells              Type           Power        Failure   Level  Hunger
q - Apportation           Tloc           #.....       17%         1    ##.....
z - Animate Skeleton      Necr           N/A          17%         1    ##.....


Dungeon Overview and Level Annotations

Branches:
Dungeon (8/15)             Temple (1/1) D:5
   Lair: D:8-11

Altars:
Ashenzari
Dithmenos
Elyvilon
Fedhas
Gozag
Hepliaklqana
Makhleb
Nemelex Xobeh
Okawaru
Ru
Sif Muna
Trog
Uskayaw
Vehumet
Wu Jian
Xom
Zin

Shops:
D:6 %

Annotations:
D:8 Gastronok, Joseph


Innate Abilities, Weirdness & Mutations

You have a pair of antennae on your head.
You are partially covered in large bone plates. (SH +4)
A weak demonic guardian rushes to your aid.
You regenerate a little health from kills.
You have large cloven feet.
Your mind is acute. (Int +2)
You passively map a small area around you.


Message History

Your quasit closely misses Joseph.
You sock Joseph!
Joseph is heavily wounded.
Your quasit bites Joseph but does no damage.
Your quasit claws Joseph but does no damage. x2
Joseph hits you with an uncursed quarterstaff of crushing.
* * * LOW HITPOINT WARNING * * *
x2 You barely miss Joseph.
Joseph is heavily wounded.
Your quasit completely misses Joseph.
Your quasit claws Joseph but does no damage. x2
Joseph hits your quasit with an uncursed quarterstaff of crushing!
You hit Joseph but do no damage.
Joseph is heavily wounded.
Your quasit bites Joseph.
Your quasit barely misses Joseph.
Your quasit claws Joseph but does no damage.
Your leather armour prevents you from hitting Joseph.
Joseph is heavily wounded.
Joseph hits you with an uncursed quarterstaff of crushing!
You die...

#########
#.....5.#
#......[#
#....@5.#
##..##@##
####(.# #.(#
##
#..######.##
##.###......#
#...........#
#...........#
##...........#


You could see Joseph, a friendly quasit and a friendly shadow imp.

Vanquished Creatures
  A gargoyle (D:7)
  A hornet (D:7)
  The ghost of dforspid the Twirler, an amateur DsGl of Hepliaklqana (D:5)
  4 yaks (D:7)
  An ice beast (D:6)
  An ogre (D:4)
  3 centaurs
  A big kobold (D:8)
  2 bullfrogs
  2 scorpions
  3 killer bees (D:8)
  2 wights (D:6)
  2 howler monkeys
  2 hounds
  An orc priest (D:8)
  4 orc wizards
  A centaur skeleton (D:6)
  An iguana (D:7)
  5 worker ants
  3 hound skeletons
  9 adders
  5 gnolls
  2 adder zombies
  2 worms
  5 dart slugs
  4 leopard geckos
  38 orcs
  4 giant cockroaches
  5 goblins
  2 hobgoblins (D:3)
  8 jackals
  3 quokkas
  6 bats
  5 frilled lizards
  11 kobolds
  A leopard gecko skeleton (D:4)
  A leopard gecko zombie (D:6)
  A quokka skeleton (D:6)
  5 rats
158 creatures vanquished.

Vanquished Creatures (collateral kills)
  A yak (D:7)
  A black bear (D:6)
  A necrophage (D:6)
  A phantom (D:8)
  A bullfrog (D:7)
  A wyvern zombie (D:6)
  A killer bee (D:8)
  A wight (D:6)
  A gnoll (D:3)
  5 orcs
  A goblin (D:3)
  5 jackals
  2 quokkas
  A frilled lizard (D:4)
  A kobold (D:8)
24 creatures vanquished.

Vanquished Creatures (others)
  An ogre (D:7)
  An orc wizard (D:3)
  2 gnolls
  An orc (D:8)
5 creatures vanquished.

Grand Total: 187 creatures vanquished

Notes
Turn   | Place    | Note
-------+----------+-------------------------------------------
     0 | D:1      | Dysjunc the Demonspawn Artificer began the quest for the Orb.
     0 | D:1      | Reached XP level 1. HP: 15/15 MP: 3/3
    91 | D:1      | Gained mutation: You have a pair of small antennae on your head. [demonic ancestry]
    91 | D:1      | Reached XP level 2. HP: 19/22 MP: 4/4
   743 | D:2      | Reached XP level 3. HP: 29/29 MP: 5/5
   851 | D:2      | Reached skill level 1 in Maces & Flails
  1440 | D:2      | Gained mutation: You regenerate a little health from kills. [demonic ancestry]
  1440 | D:2      | Reached XP level 4. HP: 35/35 MP: 6/6
  2394 | D:3      | Reached skill level 2 in Maces & Flails
  2438 | D:3      | Reached skill level 1 in Armour
  2438 | D:3      | Reached XP level 5. HP: 33/41 MP: 7/7
  2970 | D:3      | Learned a level 1 spell: Animate Skeleton
  2972 | D:3      | Learned a level 1 spell: Apportation
  3527 | D:4      | Reached skill level 3 in Maces & Flails
  3972 | D:4      | Reached XP level 6. HP: 40/49 MP: 8/8
  4648 | D:5      | Entered Level 5 of the Dungeon
  4729 | D:5      | Found a staircase to the Ecumenical Temple.
  4747 | Temple   | Entered the Ecumenical Temple
  4756 | Temple   | Became a worshipper of Makhleb the Destroyer
  4770 | D:5      | Noticed dforspid's ghost (amateur DsGl)
  4771 | D:5      | Reached skill level 5 in Fighting
  4955 | D:5      | Killed dforspid's ghost
  4955 | D:5      | Reached skill level 4 in Maces & Flails
  4955 | D:5      | Gained mutation: A weak demonic guardian rushes to your aid. [demonic ancestry]
  4955 | D:5      | Reached XP level 7. HP: 29/56 MP: 9/9
  5282 | D:5      | Reached skill level 5 in Maces & Flails
  6016 | D:6      | Reached skill level 6 in Maces & Flails
  6317 | D:6      | Gained mutation: You are partially covered in large bone plates. (SH +4) [demonic ancestry]
  6317 | D:6      | Reached XP level 8. HP: 18/62 MP: 10/10
  6570 | D:6      | Found Pooheir's Food Emporium.
  6965 | D:6      | Found a burning altar of Makhleb.
  6975 | D:6      | Reached skill level 7 in Maces & Flails
  7145 | D:7      | Got a pair of slimy boots
  7156 | D:7      | Identified the +2 pair of boots "Vistum" {rElec MR- Regen+ Int+7} (You found it on level 7 of the Dungeon)
  7349 | D:7      | Noticed a gargoyle
  7371 | D:7      | Gained mutation: You passively map a small area around you. [potion of mutation]
  7371 | D:7      | Gained mutation: You have large cloven feet. [potion of mutation]
  7371 | D:7      | Gained mutation: You have a pair of antennae on your head. [potion of mutation]
  7371 | D:7      | Gained mutation: Your mind is acute. (Int +2) [potion of mutation]
  7382 | D:7      | Reached skill level 8 in Maces & Flails
  7583 | D:7      | Killed a gargoyle
  7583 | D:7      | Reached skill level 9 in Maces & Flails
  7647 | D:7      | Mutation became permanent: You have a pair of small antennae on your head. [demonic ancestry]
  7647 | D:7      | Gained mutation: You have a pair of antennae on your head. [demonic ancestry]
  7647 | D:7      | Reached XP level 9. HP: 43/68 MP: 11/11
  7933 | D:7      | Reached * piety under Makhleb
  8067 | D:7      | Found a bloodstained altar of Trog.
  8069 | D:7      | Found a shimmering altar of Xom.
  8069 | D:7      | Found a shimmering altar of Xom.
  8071 | D:7      | Found a deep blue altar of Sif Muna.
  8071 | D:7      | Found a shimmering altar of Xom.
  8071 | D:7      | Found a blossoming altar of Fedhas.
  8182 | D:7      | Reached skill level 10 in Maces & Flails
  8347 | D:8      | Noticed Joseph
  8348 | D:8      | Noticed Gastronok
  8925 | D:8      | Reached ** piety under Makhleb
  9020 | D:8      | Found a flagged portal.
  9090 | D:8      | Reached skill level 11 in Maces & Flails
  9149 | D:8      | HP: 2/68 [Joseph/uncursed quarterstaff of crushing (2)]
  9152 | D:8      | Mangled by Joseph

Vault maps used:
D:1:      minmay_arrival_diagonal_passages
D:2:      minmay_heptomino_o4
D:4:      first_bread
D:5:      temple_statues, hangedman_decor_diamond_cutter
D:6:      serial_shops, nicolae_shop_stone, makhleb_blood_cavern_becter
D:7:      doesnt_xom_only_xom
D:8:      enter_bailey_8, special_room, grunt_livestock, st_stairs_8,
          uniq_gastronok, uniq_joseph
Temple:   dpeg_three_leaves_temple

Skill      XL: |  1  2  3  4  5  6  7  8  9 |
---------------+----------------------------+-----
Fighting       | 2 3 4 5 |  5.0
Maces & Flails | 1 2 3 4 6 9 11 | 11.1
Dodging        | 2 |  2.2
Armour         | 1 |  1.0
Short Blades   | |  0.8
Stealth        | |  0.8
Evocations     | |  3.0

Action                   |  1- 3 |  4- 6 |  7- 9 || total
-------------------------+-------+-------+-------++-------
Melee: Short sword       |    64 |       |       ||    64
       Whip              |    46 |    41 |       ||    87
       Club              |    40 |       |       ||    40
       Flail             |       |   146 |   357 ||   503
 Fire: Fustibalus        |       |     3 |       ||     3
Throw: Stone             |       |       |     4 ||     4
 Cast: Apportation       |       |     3 |       ||     3
       Animate Skeleton  |       |     2 |     6 ||     8
Evoke: Wand              |     9 |    19 |     3 ||    31
  Use: Potion            |     2 |     3 |     6 ||    11
       Scroll            |       |     5 |     7 ||    12
 Stab: Betrayed ally     |       |     1 |       ||     1
       Sleeping          |       |       |     1 ||     1
  Eat: Chunk             |     2 |     9 |     9 ||    20
       Royal jelly       |       |     1 |       ||     1
       Meat ration       |       |       |     1 ||     1
Armor: Leather armour    |    35 |    47 |    90 ||   172
       Scale mail        |    68 |       |       ||    68
Dodge: Dodged            |   156 |   166 |   218 ||   540
Block: Other             |       |       |    60 ||    60

Table legend:
 A = Spawn XP
 B = Non-spawn XP
 C = Spawn XP percentage of total XP
 D = Spawn monster count
 E = Non-spawn monster count
 F = Spawn count percentage of total count
 G = Total turns spent on level
                    A         B        C        D         E        F      G
               +---------+---------+-------+---------+---------+-------+---------
         Total |       0 |    4426 |   0.0 |       0 |     184 |   0.0 |  9152
               +---------+---------+-------+---------+---------+-------+---------
           D:1 |       0 |      39 |   0.0 |       0 |      15 |   0.0 |   721
           D:2 |       0 |      73 |   0.0 |       0 |      20 |   0.0 |  1304
           D:3 |       0 |     144 |   0.0 |       0 |      29 |   0.0 |  1114
           D:4 |       0 |     296 |   0.0 |       0 |      22 |   0.0 |  1664
           D:5 |       0 |     456 |   0.0 |       0 |      15 |   0.0 |  1028
           D:6 |       0 |     607 |   0.0 |       0 |      16 |   0.0 |  1255
           D:7 |       0 |    1716 |   0.0 |       0 |      15 |   0.0 |  1336
           D:8 |       0 |    1095 |   0.0 |       0 |      52 |   0.0 |   713
               +---------+---------+-------+---------+---------+-------+---------
